 Dungeon Crawl Stone Soup version 0.29-a0-541-gaf1fc19f1b (webtiles) character file.

Game seed: 11096413603041054380

378 HoaS the Bolt Thrower (level 7, -3/50 HPs)
             Began as a Formicid Hunter on June 2, 2022.
             Slain by an ogre
             ... wielding a +0 giant club
              (26 damage)
             ... on level 4 of the Dungeon.
             The game lasted 00:10:43 (2735 turns).

HoaS the Bolt Thrower (Formicid Hunter)             Turns: 2735, Time: 00:10:44

Health: -3/50      AC:  4    Str: 16    XL:     7   Next: 4%
Magic:  7/7        EV: 12    Int:  8    God:
Gold:   190        SH:  0    Dex: 16    Spells: 6/6 levels left

rFire   . . .      SeeInvis +   a - +1 hand crossbow
rCold   . . .      Faith    .   (no shield)
rNeg    . . .      Spirit   .   f - +0 troll leather armour
rPois   .          Reflect  .   (helmet unavailable)
rElec   .          Harm     .   (no cloak)
rCorr   .          Rampage  .   (no gloves)
Will    .....                   (no boots)
Stlth   ++........              (no amulet)
HPRegen 0.96/turn               (no ring)
MPRegen 0.10/turn               (no ring)

@: no status effects
A: permanent stasis, dig shafts and tunnels, antennae 3, four strong arms
a: Dig, Shaft Self


You were on level 4 of the Dungeon.
You visited 2 branches of the dungeon, and saw 5 of its levels.

You collected 190 gold pieces.

Inventory:

Hand Weapons
 a - a +1 hand crossbow (weapon)
Armour
 f - a +0 troll leather armour (worn)
 j - +0 ice dragon scales
Jewellery
 i - a ring of fire
Wands
 h - a wand of iceblast (5)
Scrolls
 c - a scroll of immolation
 l - 2 scrolls of fear
 m - a scroll of vulnerability {unknown}
Potions
 b - 2 potions of might {unknown}
 d - 5 potions of flight
 e - a potion of attraction {unknown}
 g - 2 potions of brilliance {unknown}
 k - a potion of heal wounds {unknown}


   Skills:
 - Level 2.1 Fighting
 + Level 7.8 Crossbows
 - Level 1.7 Dodging
 - Level 1.2 Stealth


You had 6 spell levels left.
You didn't know any spells.
Your spell library contained the following spells:

 Spells                   Type           Power      Damage    Failure   Level
 Sandblast                Erth           0%         2d4       47%         1
 Passwall                 Tmut/Erth      0%         N/A       63%         2
 Stone Arrow              Conj/Erth      0%         3d7       85%         3


Dungeon Overview and Level Annotations

Branches:
Dungeon (4/15)             Temple (1/1) D:4

Altars:
Dithmenos
Elyvilon
Gozag
Nemelex Xobeh
Qazlal
Ru
Sif Muna
Vehumet
Xom

Shops:
D:3 :

Annotations:
D:4 exclusion: ogre


Innate Abilities, Weirdness & Mutations

You cannot be hasted, slowed, berserked, paralysed or teleported.
You can dig through walls and to a lower floor.
You have a pair of large antennae on your head. (SInv)
Your four strong arms can wield two-handed weapons with a shield.


Message History

m - a scroll labelled UBRONWEXIN
As you read the scroll labelled UBRONWEXIN, it crumbles to dust.
Your body is wracked with pain!
It was a scroll of torment.
There is a stone staircase leading down here.
There is a fountain of clear blue water here.
m - a scroll labelled JENORAW SIOSMU You now have 190 gold pieces (gained 14).
Partly explored, can't reach some items and places.
Partly explored, can't reach some items and places.
Really walk into a travel-excluded area?
You shoot a bolt. The bolt completely misses the ogre.
The ogre shouts!
You shoot a bolt. The bolt hits the ogre.
The ogre is lightly wounded.
You shoot a bolt.
The bolt hits the ogre but does no damage.
The ogre is lightly wounded.
The ogre barely misses you.
You shoot a bolt. The bolt hits the ogre!
The ogre is heavily wounded.
You shoot a bolt. The bolt hits the ogre.
The ogre is heavily wounded.
The ogre misses you.
You shoot a bolt. The bolt hits the ogre.
The ogre is severely wounded.
The ogre hits you with a +0 giant club.
You shoot a bolt. The bolt barely misses the ogre.
The ogre hits you with a +0 giant club!!
You are too injured to fight recklessly!
You are too injured to fight recklessly!
You are too injured to fight recklessly!
You are too injured to fight recklessly!
Shoot: a) +1 hand crossbow
Press: ? - help, Q - select action, (/) - cycle Shift-Dir - straight line, f/p - ogre
Aim: an ogre, wielding a +0 giant club (severely wounded, 79% to hit)
You shoot a bolt. The bolt hits the ogre.
The ogre is almost dead.
The ogre hits you with a +0 giant club!!
Ouch! That really hurt!
You die...

### ######## ..#
#(.....##### ..###
###...##.....# ...8#
#8....8#.....# ....##
##.....##@....#####
.....###.....##?O....#...
#.....⌠.....##.......#..
#8.........8##..........
###...[...###...........
..##.....## .........#..
#####...## ..#..###.<#..
#8...8#####.# #.##
##...## #.# ##.#####


You could see an ogre.

Vanquished Creatures
  A bullfrog (D:4)
  A howler monkey (D:4)
  2 jellies (D:2)
  An iguana (D:4)
  An orc wizard (D:3)
  5 adders
  2 worms
  A dart slug (D:1)
  6 orcs (D:3)
  20 endoplasms
  4 giant cockroaches
  4 goblins
  8 hobgoblins
  3 jackals (D:2)
  2 quokkas
  7 ball pythons
  8 bats
  5 frilled lizards
  12 kobolds
  6 rats
99 creatures vanquished.

Vanquished Creatures (others)
  3 fungi (D:2)
  9 toadstools (D:2)
12 creatures vanquished.

Grand Total: 111 creatures vanquished

Notes
Turn   | Place    | Note
-------+----------+-------------------------------------------
     0 | D:1      | HoaS the Formicid Hunter began the quest for the Orb.
     0 | D:1      | Reached XP level 1. HP: 16/16 MP: 1/1
   110 | D:1      | Reached XP level 2. HP: 22/22 MP: 2/2
   289 | D:1      | Reached XP level 3. HP: 27/27 MP: 3/3
   427 | D:1      | Found a faded altar of an unknown god.
   529 | D:1      | Reached skill level 5 in Crossbows
   781 | D:2      | Reached XP level 4. HP: 33/33 MP: 4/4
   937 | D:2      | Identified the +3 whip "Zuror" {venom, rElec rPois rF-}
   994 | D:2      | Reached skill level 6 in Crossbows
   994 | D:2      | Reached XP level 5. HP: 35/38 MP: 5/5
  1212 | D:3      | Found the +4 Cigotuvi's embrace {rMiasma Drain rN+}
  1243 | D:3      | Reached XP level 6. HP: 41/41 MP: 6/6
  1299 | D:3      | Noticed an ice beast
  1325 | D:3      | Found Xaithril's Book Emporium.
  1736 | D:4      | Noticed an ogre
  1819 | D:4      | Reached skill level 7 in Crossbows
  1964 | D:4      | Found a staircase to the Ecumenical Temple.
  2056 | Temple   | Entered the Ecumenical Temple
  2476 | D:4      | Reached XP level 7. HP: 20/50 MP: 7/7
  2735 | D:4      | Slain by an ogre

Illustrated notes

Levels and vault maps discovered:
D:1:      giann_horns, layout_basic, shapermc_ecumenical_altar_pompeii
D:2:      cheibrodos_fertilizer, layout_rooms, kennysheep_crisscross,
          chequers_garden
D:3:      layout_loops_cross, serial_shops, shop, lightli_corner_chamber
D:4:      layout_rooms, minmay_temple_entry_large_hall, serial_corexii_hall,
          chequers_hall_statues_y, chequers_hall_statues_corner_a
Temple:   compressed_dpeg_triangle_lava_temple

Skill      XL: |  1  2  3  4  5  6 |
---------------+-------------------+-----
Crossbows      | 5 6 7 |  7.8
Fighting       | |  2.1
Dodging        | |  1.7
Stealth        | |  1.2

Action                   |  1- 3 |  4- 6 |  7- 9 || total
-------------------------+-------+-------+-------++-------
 Fire: Hand crossbow     |    76 |   190 |    11 ||   277
 Abil: Dig               |     3 |     3 |       ||     6
  Use: Scroll            |     4 |     1 |     1 ||     6
Armor: Leather armour    |     1 |       |       ||     1
       Troll leather arm |     4 |    18 |       ||    22
Dodge: Dodged            |     5 |    39 |     2 ||    46

Table legend: (Time is in decaauts)
 A = Elapsed time spent in this place.
 B = Non-inter-level travel time spent in this place.
 C = Inter-level travel time spent in this place.
 D = Time resting spent in this place.
 E = Time spent auto-exploring this place.
 F = Levels seen in this place.
 G = Mean time per level.
                   A        B        C        D        E       F      G
               +--------+--------+--------+--------+--------+-----+--------+
         Total |   2796 |   2641 |    155 |     55 |   1938 |   5 |  559.2 |
       Dungeon |   2522 |   2368 |    154 |     55 |   1694 |   4 |  630.5 |
        Temple |    273 |    273 |      0 |      0 |    244 |   1 |  273.0 |
               +--------+--------+--------+--------+--------+-----+--------+

Top non-repeatable levels by time:
     D:3: 698 daAuts
     D:4: 686 daAuts
     D:1: 618 daAuts
     D:2: 518 daAuts
  Temple: 273 daAuts
